 Dungeon Crawl Stone Soup version 0.17-a0-833-g96b00358 (webtiles) character file.

762 FedoraBrony69 the Infuser (level 7, -6/36 HPs)
             Began as a Deep Elf Conjurer on Apr 26, 2015.
             Was a Follower of Vehumet.
             Killed from afar by FedoraBrony69's ghost (12 damage)
             ... with an orb of energy
             ... on level 4 of the Dungeon.
             The game lasted 00:10:36 (4297 turns).

FedoraBrony69 the Infuser (Deep Elf Conjurer)       Turns: 4297, Time: 00:10:37

Health: -6/36      AC:  3    Str:  5    XL:     7   Next: 51%
Magic:  2/17       EV: 13    Int: 22    God:    Vehumet [*.....]
Gold:   307        SH:  0    Dex: 15    Spells: 3 memorised, 7 levels left

rFire  . . .     SeeInvis .     i - +0 club
rCold  + . .     Clarity  .     a - +0 robe
rNeg   . . .     SustAb   .     (no shield)
rPois  .         Gourm    .     o - +0 helmet
rElec  .         Spirit   .     (no cloak)
rCorr  .         Warding  .     (no gloves)
rMut   .         Stasis   .     (no boots)
MR     .....                    (no amulet)
Stlth  +++.......               m - ring of stealth
                                n - ring of protection from cold

@: very slightly contaminated, not resistant to hostile enchantments, fairly
stealthy
A: no striking features
a: Renounce Religion


You were on level 4 of the Dungeon.
You worshipped Vehumet.
Vehumet was aware of your devotion.
You were hungry.

You visited 1 branch of the dungeon, and saw 4 of its levels.

You collected 307 gold pieces.

Inventory:

Hand weapons
 i - a +0 club (weapon)
Armour
 a - a +0 robe (worn)
 o - a +0 helmet (worn)
 w - a +0 buckler
Jewellery
 m - a ring of stealth (right hand)
 n - a ring of protection from cold (left hand)
Magical devices
 h - a wand of digging (5)
 p - a wand of confusion (3)
 r - a wand of random effects (29)
Scrolls
 e - a scroll of recharging {unknown}
 g - a scroll of fog {unknown}
 j - a scroll of noise {unknown}
 s - a scroll of teleportation {unknown}
 t - 3 scrolls of enchant weapon {unknown}
 u - 2 scrolls of identify {unknown}
 v - a scroll of remove curse {unknown}
Potions
 f - a potion of brilliance
 q - a potion of agility {unknown}
Books
 b - a book of Conjurations

   Spells                             Type                      Level
   a - Magic Dart                     Conjuration                  1
   b - Searing Ray                    Conjuration                  2
   c - Dazzling Spray                 Conjuration/Hexes            3
   d - Fulminant Prism                Conjuration/Hexes            4
   e - Iskenderun's Mystic Blast      Conjuration                  4
   f - Iskenderun's Battlesphere      Conjuration/Charms           5
Comestibles
 c - 3 bread rations
 d - a beef jerky
 k - 4 fruits
 l - 2 meat rations
 x - 6 chunks of flesh


   Skills:
 - Level 2.4 Dodging
 - Level 2.4 Stealth
 + Level 5.9 Spellcasting
 + Level 6.0 Conjurations
 - Level 9.0 Charms


You had 7 spell levels left.
You knew the following spells:

 Your Spells              Type           Power        Failure   Level  Hunger
a - Magic Dart            Conj           ####         1%          1    None
b - Iskenderun's Battles  Conj/Chrm      #####...     12%         5    #####..
c - Iskenderun's Mystic   Conj           ####....     10%         4    ###....


Dungeon Overview and Level Annotations

Branches:
Dungeon (4/15)
 Temple: D:4-7

Altars:
Nemelex Xobeh
Qazlal
Sif Muna
Vehumet
Xom
Yredelemnul
Zin

Annotations:
D:4 FedoraBrony69's ghost, average DECj


Message History

Press: ? - help, Shift-Dir - straight line, f/p - FedoraBrony69's ghost
Aim: FedoraBrony69's ghost, wielding a weapon of protection The orb of energy misses FedoraBrony69's ghost.
FedoraBrony69's ghost says very slowly, "There's no hope."
Casting: Iskenderun's Mystic Blast
Confirm with . or Enter, or press ? or * to list all spells.
You don't have enough magic to cast that spell.
Casting: Iskenderun's Mystic Blast
Confirm with . or Enter, or press ? or * to list all spells.
Aiming: Magic Dart
Press: ? - help, Shift-Dir - straight line, f/p - FedoraBrony69's ghost
Aim: FedoraBrony69's ghost, wielding a weapon of protection The magic dart hits FedoraBrony69's ghost.
FedoraBrony69's ghost is lightly damaged.
Your battlesphere fires!
The barrage of energy hits FedoraBrony69's ghost.
FedoraBrony69's ghost is moderately damaged.
FedoraBrony69's ghost gestures at you while chanting.
The orb of energy hits you!
You die...

........)#
†........##
...†.###..#
##...# ##.##
#...# ##.## ..
#..#####
##.....##
##.....# #.....@#
#......*..W.....#
##..............#
###......>.....#
###..........#
......#...#
.....######
######


You could see FedoraBrony69's ghost.

Vanquished Creatures
  Sigmund (D:3)
  The ghost of Shenaniganizer the Sneak, an average OpAs (D:3)
  Blork the orc (D:4)
  A crimson imp (D:4)
  A hound (D:4)
  An orc priest (D:4)
  Ijyb (D:2)
  2 orc wizards (D:4)
  Jessica (D:2)
  Terence (D:2)
  A centaur skeleton (D:4)
  7 adders
  An ooze (D:1)
  6 worms
  A giant gecko (D:2)
  11 orcs
  7 goblins
  11 hobgoblins
  10 jackals
  2 quokkas (D:2)
  A ball python (D:2)
  14 bats
  5 giant cockroaches
  9 giant newts
  2 gnoll zombies (D:3)
  9 kobolds
  12 rats
120 creatures vanquished.

Notes
Turn   | Place    | Note
--------------------------------------------------------------
     0 | D:1      | FedoraBrony69, the Deep Elf Conjurer, began the quest for the Orb.
     0 | D:1      | Reached XP level 1. HP: 10/10 MP: 6/6
   109 | D:1      | Reached XP level 2. HP: 7/15 MP: 5/8
   743 | D:1      | Reached skill level 5 in Conjurations
   788 | D:1      | Reached XP level 3. HP: 19/19 MP: 5/10
   940 | D:2      | Noticed Jessica
   942 | D:2      | Killed Jessica
  1110 | D:2      | Reached XP level 4. HP: 24/24 MP: 10/12
  1279 | D:2      | Noticed Ijyb
  1293 | D:2      | Killed Ijyb
  1293 | D:2      | Reached skill level 5 in Spellcasting
  1441 | D:2      | Found a radiant altar of Vehumet.
  1441 | D:2      | Found a glowing silver altar of Zin.
  1445 | D:2      | Found a stormy altar of Qazlal.
  1448 | D:2      | Became a worshipper of Vehumet
  1512 | D:2      | Found a deep blue altar of Sif Muna.
  1538 | D:2      | Noticed Terence
  1594 | D:2      | Killed Terence
  1594 | D:2      | Reached XP level 5. HP: 15/28 MP: 1/15
  2059 | D:2      | Reached skill level 6 in Conjurations
  2066 | D:2      | Learned a level 5 spell: Iskenderun's Battlesphere
  2071 | D:2      | Learned a level 4 spell: Iskenderun's Mystic Blast
  2119 | D:3      | Found a shimmering altar of Xom.
  2339 | D:3      | Reached skill level 1 in Charms
  2385 | D:3      | Noticed Shenaniganizer's ghost (average OpAs)
  2389 | D:3      | Noticed Sigmund
  2396 | D:3      | Killed Shenaniganizer's ghost
  2396 | D:3      | Acquired Vehumet's first power
  2396 | D:3      | Offered knowledge of Flame Tongue by Vehumet.
  2396 | D:3      | Reached XP level 6. HP: 32/32 MP: 2/16
  2662 | D:3      | Killed Sigmund
  3166 | D:3      | Found a basalt altar of Yredelemnul.
  3478 | D:4      | Noticed Blork the orc
  3489 | D:4      | Killed Blork the orc
  3489 | D:4      | Reached skill level 7 in Charms
  3489 | D:4      | Reached XP level 7. HP: 36/36 MP: 3/17
  3786 | D:4      | Reached skill level 8 in Charms
  3962 | D:4      | Found a sparkling altar of Nemelex Xobeh.
  4139 | D:4      | Reached skill level 9 in Charms
  4232 | D:4      | Offered knowledge of Sandblast by Vehumet.
  4293 | D:4      | Noticed FedoraBrony69's ghost (average DECj)
  4297 | D:4      | Killed from afar by FedoraBrony69's ghost

Action                   |  1- 3 |  4- 6 |  7- 9 || total
-------------------------+-------+-------+-------++-------
Melee: Unarmed           |    20 |       |       ||    20
       Club              |       |     7 |     8 ||    15
 Cast: Magic Dart        |    65 |   155 |    49 ||   269
       Iskenderun's Myst |       |     9 |     5 ||    14
       Iskenderun's Batt |       |     1 |     1 ||     2
  Use: Potion            |       |     2 |       ||     2
  Eat: Chunk             |       |     9 |     3 ||    12
